 Dungeon Crawl Stone Soup version 0.31-a0-167-g1c394c0614 (webtiles) character file.

Game seed: 14422026982823037544

413 qw the Shooter (level 6, -1/57 HPs)
             Began as a Naga Hunter on June 14, 2023.
             Was an Initiate of Okawaru.
             Slain by a wraith (10 damage)
             ... on level 5 of the Dungeon.
             The game lasted 00:01:13 (3651 turns).

qw the Shooter (Naga Hunter)                        Turns: 3651, Time: 00:01:14

Health: -1/57      AC:  9    Str: 19    XL:     6   Next: 91%
Magic:  6/6        EV:  9    Int: 10    God:    Okawaru [......]
Gold:   267        SH:  0    Dex: 16    Spells: 5/5 levels left

rFire   + . .        Y - +1 shortbow (flame)
rCold   . . .        (shield currently unavailable)
rNeg    . . .        j - +1 ring mail {rF+}
rPois   +            (no helmet)
rElec   .            (no cloak)
rCorr   .            (no gloves)
SInv    +            (no barding)
Will    .....        c - amulet of the acrobat
Stlth   +            g - +4 ring of protection
HPRegen 0.29/turn    n - +6 ring of strength
MPRegen 0.10/turn

%: acrobat
@: slowed, very slow
A: AC +2, large, see invisible, deformed body, poison resistance, slowness 2,
spit poison 1, naga tail 1
a: Spit Poison, Renounce Religion


You were on level 5 of the Dungeon.
You worshipped Okawaru.
Okawaru was noncommittal.
You visited 2 branches of the dungeon, and saw 6 of its levels.

You collected 267 gold pieces.


Innate Abilities, Weirdness & Mutations

Your serpentine skin is tough. (AC +2)
You have supernaturally acute eyesight. (SInv)
Armour fits poorly on your strangely shaped body.
Your system is resistant to poisons. (rPois)
You cover ground very slowly.
You can spit poison.
You have a snake-like lower body.


   Skills:
 - Level 4.0 Fighting
 + Level 6.5 Ranged Weapons
 - Level 1.5 Dodging
 - Level 1.5 Stealth


You had 5 spell levels left.
You didn't know any spells.
Your spell library was empty.

Inventory:

Hand Weapons
 Y - a +1 shortbow of flaming (weapon)
Armour
 j - a +1 ring mail of fire resistance (worn)
Jewellery
 c - an amulet of the acrobat (around neck)
 g - a +4 ring of protection (left hand)
 n - a +6 ring of strength (right hand)
Scrolls
 a - a scroll of identify
Potions
 d - a potion of lignification {unknown}
 e - 2 potions of curing
 h - a potion of attraction {unknown}
 i - a potion of invisibility {unknown}
 k - a potion of mutation {unknown}

Dungeon Overview and Level Annotations

Branches:
Dungeon (5/15)             Temple (1/1) D:5

Altars:
Ashenzari
Cheibriados
Dithmenos
Elyvilon
Fedhas
Gozag
Hepliaklqana
Kikubaaqudgha
Makhleb
Nemelex Xobeh
Okawaru
Qazlal
Ru
Sif Muna
Trog
Uskayaw
Vehumet
Wu Jian
Xom
Yredelemnul
Zin
The Shining One

Annotations:
D:3 1 runed translucent door, qw's ghost, amateur NaHu


Message History

The centaur is almost dead.
The centaur shoots an arrow.
The arrow hits you.
You shoot an arrow.
The arrow completely misses the centaur.
The centaur shoots an arrow.
The arrow closely misses you.
You shoot an arrow. The arrow hits the centaur.
The arrow burns the centaur.
The centaur is almost dead.
The centaur shoots an arrow.
The arrow hits you!
The centaur shoots an arrow.
The arrow hits you.
An orc comes into view. It is wielding a +0 club.
You hear a shout!
You shoot an arrow. The arrow hits the wraith.
The arrow burns the wraith.
The wraith is lightly damaged.
An orc wizard comes into view. It is wielding a +0 dagger.
3647 ||| INVOKING Spit Poison.
Aiming: Spit Poison (1% risk of failure)
Press: ? - help, Shift-Dir - straight line, f - centaur, p - wraith The splash of poison hits the centaur.
The centaur is poisoned.
You kill the centaur!
Okawaru accepts your kill.
You shoot an arrow. The arrow closely misses the wraith.
The arrow hits the orc wizard.
The arrow burns the orc wizard.
The orc wizard is heavily wounded.
An orc comes into view. It is wielding a +0 dagger.
You shoot an arrow.
The arrow hits the wraith but does no damage.
The wraith is lightly damaged.
You shoot an arrow. The arrow hits the wraith.
The arrow burns the wraith.
The wraith is moderately damaged.
The wraith hits you! The wraith drains your vigour!
You feel yourself slow down.
An orc wizard comes into view. It is wielding a +0 dagger.
You shoot an arrow. The orc wizard shouts!
The arrow hits the wraith but does no damage.
The wraith is moderately damaged.
You have got your breath back.
The wraith hits you. The wraith drains your vigour!
You feel as though you will be slow longer.
The wraith hits you!
You die...

.#.# .#.#
.............# .#.#
..........o...# .#.#
.....~..~.).....#
...#
............o....#
.###
..........oo.....#
.# ................#
.# #..........W...#
'######.........@..#
......##.....[....##
......# #........##
......######''####
..............#
......#########
......# .#.#### ...#


You could see a wraith, 2 orc wizards and 2 orcs.

Vanquished Creatures
  A centaur (D:5)
  A phantom (D:4)
  A howler monkey (D:4)
  A hound (D:5)
  2 iguanas
  4 adders
  An ufetubus (D:5)
  3 worms
  2 dart slugs
  5 orcs (D:4)
  8 bats
  12 endoplasms
  7 hobgoblins
  3 quokkas
  5 ball pythons
  6 frilled lizards
  6 goblins
  7 kobolds
  4 rats
79 creatures vanquished.

Notes
Turn   | Place    | Note
-------+----------+-------------------------------------------
     0 | D:1      | qw the Naga Hunter began the quest for the Orb.
     0 | D:1      | Reached XP level 1. HP: 19/19 MP: 1/1
     0 | D:1      | 0 ||| qw: Version: 0.2-a-29-g1fa15c8
     0 | D:1      | 0 ||| qw: Game counter: 5075
     0 | D:1      | 0 ||| qw: Always use a shield: true
     0 | D:1      | 0 ||| qw: God list: Okawaru
     0 | D:1      | 0 ||| qw: Allow faded altars: false
     0 | D:1      | 0 ||| qw: Do Orc after D:15 true
     0 | D:1      | 0 ||| qw: Do second Lair branch before Depths: true
     0 | D:1      | 0 ||| qw: Lair rune preference: random
     0 | D:1      | 0 ||| qw: Plans: Normal
     0 | D:1      | 0 ||| PLANNING D:1-11
    31 | D:1      | 31 ||| INVOKING Spit Poison.
    36 | D:1      | 36 ||| INVOKING Spit Poison.
    79 | D:1      | 79 ||| INVOKING Spit Poison.
    83 | D:1      | 83 ||| INVOKING Spit Poison.
    88 | D:1      | Reached skill level 4 in Ranged Weapons
    88 | D:1      | Reached XP level 2. HP: 23/26 MP: 2/2
   107 | D:1      | 107 ||| INVOKING Spit Poison.
   143 | D:1      | 143 ||| INVOKING Spit Poison.
   161 | D:1      | 161 ||| INVOKING Spit Poison.
   169 | D:1      | 169 ||| INVOKING Spit Poison.
   203 | D:1      | 203 ||| INVOKING Spit Poison.
   208 | D:1      | 208 ||| INVOKING Spit Poison.
   248 | D:1      | 248 ||| INVOKING Spit Poison.
   274 | D:1      | Reached XP level 3. HP: 32/32 MP: 3/3
   344 | D:1      | 344 ||| INVOKING Spit Poison.
   367 | D:1      | 367 ||| INVOKING Spit Poison.
   467 | D:1      | 467 ||| UPGRADING to +1 ring mail of fire resistance.
   477 | D:1      | 477 ||| DROPPING +0 leather armour.
   478 | D:1      | 478 ||| UPGRADING to amulet of guardian spirit.
   483 | D:1      | 483 ||| UPGRADING to +4 ring of protection.
   484 | D:1      | 484 ||| READING 2 scrolls labelled TECSYQ JEJO.
   485 | D:1      | 485 ||| READING scroll labelled TAPPUH BEICKEIWKI.
   486 | D:1      | 486 ||| READING scroll labelled ATHIXK HAURE.
   487 | D:1      | 487 ||| READING scroll labelled BIS VETHEOR.
   488 | D:1      | 488 ||| READING scroll labelled POSUF COUS.
   489 | D:1      | 489 ||| READING scroll labelled QUAKLE RIXZU.
   494 | D:1      | 494 ||| DROPPING scroll of butterflies.
   539 | D:2      | 539 ||| INVOKING Spit Poison.
   545 | D:2      | 545 ||| INVOKING Spit Poison.
   549 | D:2      | 549 ||| INVOKING Spit Poison.
   595 | D:2      | 595 ||| INVOKING Spit Poison.
   603 | D:2      | 603 ||| INVOKING Spit Poison.
   618 | D:2      | 618 ||| INVOKING Spit Poison.
   622 | D:2      | 622 ||| INVOKING Spit Poison.
   683 | D:2      | 683 ||| INVOKING Spit Poison.
   721 | D:2      | 721 ||| INVOKING Spit Poison.
   722 | D:2      | Reached skill level 5 in Ranged Weapons
   724 | D:2      | Reached XP level 4. HP: 39/39 MP: 4/4
   853 | D:2      | 853 ||| INVOKING Spit Poison.
   891 | D:2      | 891 ||| INVOKING Spit Poison.
   913 | D:2      | 913 ||| INVOKING Spit Poison.
  1048 | D:2      | Found a faded altar of an unknown god.
  1115 | D:2      | 1115 ||| INVOKING Spit Poison.
  1208 | D:2      | 1208 ||| INVOKING Spit Poison.
  1223 | D:2      | 1223 ||| INVOKING Spit Poison.
  1247 | D:2      | 1247 ||| READING scroll labelled MOIDWY KOS JAL.
  1348 | D:2      | 1348 ||| READING 2 scrolls labelled LISKOY DOLO.
  1349 | D:2      | 1349 ||| READING scroll labelled HEZXAOGUCHO.
  1350 | D:2      | 1350 ||| DROPPING scroll of blinking.
  1384 | D:3      | 1384 ||| INVOKING Spit Poison.
  1479 | D:3      | Found a runed translucent door.
  1479 | D:3      | Noticed qw's ghost (amateur NaHu)
  1493 | D:3      | 1493 ||| INVOKING Spit Poison.
  1599 | D:3      | 1599 ||| INVOKING Spit Poison.
  2128 | D:3      | 2128 ||| UPGRADING to +6 ring of strength.
  2129 | D:3      | 2129 ||| READING 2 scrolls labelled SYOWKU YTHRO.
  2130 | D:3      | 2130 ||| READING scroll labelled BAPEWOASIO.
  2131 | D:3      | 2131 ||| DRINKING 2 fizzy inky potions.
  2132 | D:3      | 2132 ||| READING 2 scrolls of identify.
  2132 | D:3      | 2132 ||| IDENTIFYING clear potion
  2133 | D:3      | 2133 ||| DROPPING scroll of revelation.
  2164 | D:4      | 2164 ||| INVOKING Spit Poison.
  2211 | D:4      | 2211 ||| INVOKING Spit Poison.
  2219 | D:4      | 2219 ||| INVOKING Spit Poison.
  2222 | D:4      | 2222 ||| INVOKING Spit Poison.
  2223 | D:4      | Reached skill level 3 in Fighting
  2225 | D:4      | Noticed a phantom
  2226 | D:4      | 2226 ||| INVOKING Spit Poison.
  2231 | D:4      | 2231 ||| INVOKING Spit Poison.
  2233 | D:4      | Reached XP level 5. HP: 47/49 MP: 3/5
  2237 | D:4      | 2237 ||| INVOKING Spit Poison.
  2240 | D:4      | 2240 ||| INVOKING Spit Poison.
  2245 | D:4      | 2245 ||| INVOKING Spit Poison.
  2247 | D:4      | Killed a phantom
  2248 | D:4      | Reached skill level 6 in Ranged Weapons
  2250 | D:4      | 2250 ||| INVOKING Spit Poison.
  2251 | D:4      | Reached XP level 6. HP: 18/56 MP: 1/6
  2254 | D:4      | HP: 14/56 [orc/+0 dagger (2)]
  2255 | D:4      | 2255 ||| READING 2 scrolls of teleportation.
  2256 | D:4      | 2256 ||| DRINKING potion of heal wounds.
  2257 | D:4      | 2257 ||| INVOKING Spit Poison.
  2364 | D:4      | 2364 ||| INVOKING Spit Poison.
  2588 | D:4      | Found a white marble altar of Elyvilon.
  2595 | D:4      | 2595 ||| READING scroll labelled DIOTWA OTELIC.
  2622 | D:5      | Entered Level 5 of the Dungeon
  2623 | D:5      | 2623 ||| INVOKING Spit Poison.
  2628 | D:5      | 2628 ||| INVOKING Spit Poison.
  2686 | D:5      | 2686 ||| INVOKING Spit Poison.
  2726 | D:5      | 2726 ||| INVOKING Spit Poison.
  2779 | D:5      | Found a staircase to the Ecumenical Temple.
  2780 | D:5      | 2780 ||| PLANNING TEMPLE
  2780 | D:5      | 2780 ||| DRINKING 2 viscous silvery potions.
  2781 | D:5      | 2781 ||| DROPPING potion of enlightenment.
  2790 | Temple   | Entered the Ecumenical Temple
  2881 | Temple   | 2881 ||| PLANNING OKAWARU WORSHIP
  3180 | Temple   | Became a worshipper of Warmaster Okawaru
  3181 | Temple   | 3181 ||| PLANNING D:1-11
  3181 | Temple   | 3181 ||| REMOVING amulet of guardian spirit.
  3186 | Temple   | 3186 ||| UPGRADING to amulet of the acrobat.
  3191 | Temple   | 3191 ||| DROPPING amulet of guardian spirit.
  3333 | D:5      | 3333 ||| INVOKING Spit Poison.
  3336 | D:5      | 3336 ||| INVOKING Spit Poison.
  3358 | D:5      | 3358 ||| INVOKING Spit Poison.
  3358 | D:5      | Noticed a wraith
  3362 | D:5      | 3362 ||| INVOKING Spit Poison.
  3376 | D:5      | HP: 11/57 [wraith (6)]
  3377 | D:5      | 3377 ||| READING scroll of teleportation.
  3378 | D:5      | HP: 1/57 [wraith (8)]
  3647 | D:5      | 3647 ||| INVOKING Spit Poison.
  3650 | D:5      | HP: 11/57 [wraith (7)]
  3651 | D:5      | Slain by a wraith

Levels and vault maps discovered:
D:1:      dpeg_arrival_fog, layout_rooms
D:2:      layout_loops_ring, nicolae_ecumenical_lake_church
D:3:      layout_basic, gammafunk_ghost_grave
D:4:      layout_rooms, nicolae_elyvilon_temple_path
D:5:      kennysheep_big_flooded_room, layout_basic,
          minmay_temple_entry_sparse_star, serial_glass, glass_columns_b,
          glass_columns_b, glass_columns_b, glass_columns_a, glass_columns_c,
          glass_columns_a
Temple:   roderic_octagonal_lattice_temple

Skill      XL: |  1  2  3  4  5  6 |
---------------+-------------------+-----
Ranged Weapons | 4 5 6 |  6.5
Fighting       | 3 4 |  4.0
Dodging        | |  1.5
Stealth        | |  1.5

Action                     |  1- 3 |  4- 6 || total
---------------------------+-------+-------++-------
   Fire: Shortbow          |    66 |   104 ||   170
Ability: Spit Poison       |    22 |    30 ||    52
    Use: Scroll            |     6 |     9 ||    15
         Potion            |       |     3 ||     3
 Armour: Leather armour    |     4 |       ||     4
         Ring mail         |     9 |    35 ||    44
  Dodge: Dodged            |    13 |    55 ||    68

Table legend:
 A = Non-vault XP
 B = Vault XP
 C = Vault XP percentage of total XP
 D = Non-vault monster count
 E = Vault monster count
 F = Vault count percentage of total count
                 A         B        C        D         E       F
            +---------+---------+-------+---------+---------+-------
      Total |     473 |     118 |  20.0 |      78 |       1 |   1.3
            +---------+---------+-------+---------+---------+-------
        D:1 |      43 |       0 |   0.0 |      26 |       0 |   0.0
        D:2 |      63 |       0 |   0.0 |      18 |       0 |   0.0
        D:3 |      20 |       0 |   0.0 |      10 |       0 |   0.0
        D:4 |     235 |       0 |   0.0 |      18 |       0 |   0.0
        D:5 |     112 |     118 |  51.3 |       6 |       1 |  14.3
            +---------+---------+-------+---------+---------+-------
